 Dungeon Crawl Stone Soup version 0.25.1-2-g60ff931df9 (webtiles) character file.

Game seed: 8250345615005968982

1612 hehateme the Fighter (level 8, -1/57 HPs)
             Began as a Gargoyle Fighter on Oct 24, 2020.
             Was a Follower of Okawaru.
             Slain by a killer bee (2 damage)
             ... on level 7 of the Dungeon.
             The game lasted 00:37:08 (6940 turns).

hehateme the Fighter (Gargoyle Fighter)             Turns: 6940, Time: 00:37:09

Health: -1/57      AC: 16    Str: 22    XL:     8   Next: 95%
Magic:  8/8        EV:  5    Int:  9    God:    Okawaru [*.....]
Gold:   326        SH:  9    Dex:  9    Spells: 7/7 levels left

rFire    . . .     SeeInvis .   u - +0 whip (elec)
rCold    . . .     Gourm    .   c - +0 kite shield
rNeg     + . .     Faith    .   w - +0 chain mail
rPois    ∞         Spirit   .   (no helmet)
rElec    +         Reflect  .   (no cloak)
rCorr    .         Harm     .   (no gloves)
MR       .....                  m - +0 pair of boots
Stlth    ..........             (no amulet)
HPRegen  0.19/turn              (no ring)
MPRegen  0.11/turn              (no ring)

@: mighty, about to teleport, very slightly contaminated
A: negative energy resistance 1, electricity resistance, unbreathing,
petrification resistance, rot immunity, AC +5
a: Heroism, Renounce Religion


You were on level 7 of the Dungeon.
You worshipped Okawaru.
Okawaru was aware of your devotion.
You were not hungry.

You visited 2 branches of the dungeon, and saw 8 of its levels.

You collected 326 gold pieces.

Inventory:

Hand Weapons
 a - a +0 flail
 u - a +0 whip of electrocution (weapon)
Missiles
 v - a throwing net (quivered)
Armour
 c - a +0 kite shield (worn)
 m - a +0 pair of boots (worn)
 w - a +0 chain mail (worn)
Jewellery
 j - a cursed ring of teleportation {unknown}
Scrolls
 b - a scroll of holy word {unknown}
 e - 3 scrolls of identify
 i - a scroll of noise {unknown}
 l - 3 scrolls of teleportation
 n - 2 scrolls of remove curse {unknown}
 q - a scroll of enchant weapon {unknown}
 s - 2 scrolls of amnesia {unknown}
Potions
 g - 2 potions of curing {unknown}
 h - a potion of brilliance {unknown}
 o - 2 potions of heal wounds {unknown}
 p - a potion of resistance {unknown}
 r - a potion of cancellation {unknown}
 t - a potion of haste {unknown}
 z - 2 potions of stabbing {unknown}
Comestibles
 f - 8 rations


   Skills:
 - Level 10.2 Fighting
 * Level 6.0 Maces & Flails
 - Level 3.5 Armour
 - Level 0.2 Dodging
 - Level 1.6 Stealth
 - Level 3.8 Shields


You had 7 spell levels left.
You didn't know any spells.
Your spell library contained the following spells:

 Spells                   Type           Power        Failure   Level  Hunger
 Corona                   Hex            #......      100%        1    ##.....
 Slow                     Hex            #.......     100%        2    ###....
 Inner Flame              Hex/Fire       #.......     100%        3    ####...
 Portal Projectile        Hex/Tloc       #.....       100%        3    ####...
 Cause Fear               Hex            #.........   100%        4    #####..
 Leda's Liquefaction      Hex/Erth       #.........   100%        4    #####..


Dungeon Overview and Level Annotations

Branches:
Dungeon (7/15)             Temple (1/1) D:6

Altars:
Ashenzari
Cheibriados
Dithmenos
Elyvilon
Fedhas
Gozag
Hepliaklqana
Nemelex Xobeh
Okawaru
Qazlal
Ru
Trog
Uskayaw
Vehumet
Wu Jian
Yredelemnul
Zin
The Shining One

Shops:
D:4 *

Annotations:
D:2 1 runed translucent door, exclusions: downstairs and upstairs, Crazy Yiuf, Sigmund
D:4 exclusion: downstairs
D:5 1 runed translucent door, Dowan, Duvessa


Innate Abilities, Weirdness & Mutations

You are resistant to torment.
Your stone body is resilient. (AC +5)
You are immune to poison.
You resist negative energy. (rN+)
You are resistant to electric shocks. (rElec)
You can survive without breathing.
You are immune to petrification.
You are immune to rotting.


Message History

* * * LOW HITPOINT WARNING * * *
The killer bee stings you but does no damage.
You whack the killer bee!
You kill the killer bee!
Okawaru accepts your kill.
You can now gain great but temporary skills.
Your Maces & Flails skill increases to level 6!
The killer bee buzzes angrily.
You hear an angry buzzing noise.
The killer bee stings you but does no damage.
The killer bee barely misses you.
As you read the scroll labeled POOD HEIDUHIK, it crumbles to dust.
You feel strangely unstable.
It was a scroll of teleportation.
The killer bee stings you but does no damage. x2
You block the killer bee's attack. The killer bee stings you.
* * * LOW HITPOINT WARNING * * *
You see here a killer bee corpse.
The killer bee stings you but does no damage.
The killer bee stings you.
You die...

#....?y..##.....###
######
....####y†...#..# .
########..# ##..#
#### #.# ....####
## #....## .#
#.y<###..#
#.@yy...# #.##....#
#.# ##...# #.#
##..# #.# #..# ..#
...# #.# ..... .#
.####


You could see 3 killer bees.

Vanquished Creatures
  An orc warrior (D:5)
  2 sky beasts (D:5)
  2 centaurs (D:5)
  2 bullfrogs (D:6)
  A gnoll sergeant (D:5)
  6 killer bees (D:7)
  A howler monkey (D:6)
  3 crimson imps
  A bullfrog zombie (D:6)
  A centaur skeleton (D:6)
  A hound (D:4)
  2 orc priests (D:5)
  4 orc wizards
  A bullfrog skeleton (D:6)
  An iguana (D:4)
  4 worker ants
  Robin (D:3)
  A howler monkey skeleton (D:5)
  5 adders
  6 gnolls
  A shadow imp (D:3)
  An adder zombie (D:5)
  An adder skeleton (D:6)
  A worm (D:1)
  3 dart slugs
  7 leopard geckos
  5 orcs
  8 giant cockroaches
  13 goblins
  9 hobgoblins
  11 jackals
  7 kobolds
  2 quokkas
  3 ball pythons
  9 bats
  4 frilled lizards
  A jackal skeleton (D:5)
  A leopard gecko skeleton (D:5)
  2 leopard gecko zombies
  2 quokka skeletons
  6 rats
143 creatures vanquished.

Notes
Turn   | Place    | Note
-------+----------+-------------------------------------------
     0 | D:1      | hehateme the Gargoyle Fighter began the quest for the Orb.
     0 | D:1      | Reached XP level 1. HP: 14/14 MP: 1/1
    71 | D:1      | Reached XP level 2. HP: 12/19 MP: 2/2
   438 | D:1      | Reached XP level 3. HP: 24/24 MP: 3/3
  1127 | D:2      | Reached skill level 4 in Fighting
  1446 | D:2      | Found a runed translucent door.
  1447 | D:2      | Noticed Crazy Yiuf
  1514 | D:2      | Noticed Sigmund
  1553 | D:3      | Reached XP level 4. HP: 28/29 MP: 4/4
  1609 | D:3      | Reached skill level 5 in Fighting
  1609 | D:3      | Reached XP level 5. HP: 27/35 MP: 5/5
  3015 | D:4      | Reached skill level 6 in Fighting
  3090 | D:4      | Reached XP level 6. HP: 32/42 MP: 6/6
  3116 | D:4      | Found Lyemolui's Assorted Antiques.
  3169 | D:5      | Entered Level 5 of the Dungeon
  3226 | D:4      | Noticed Robin
  3313 | D:3      | Killed Robin
  3326 | D:4      | Reached skill level 1 in Stealth
  3706 | D:4      | Reached skill level 7 in Fighting
  4594 | D:5      | Reached XP level 7. HP: 48/48 MP: 7/7
  4608 | D:5      | Noticed Duvessa
  4608 | D:5      | Noticed Dowan
  4710 | D:5      | Reached skill level 8 in Fighting
  4787 | D:5      | Found a runed translucent gate.
  5177 | D:5      | Reached skill level 9 in Fighting
  5433 | D:5      | Found a shattered altar of Ashenzari.
  5548 | D:5      | Reached XP level 8. HP: 39/56 MP: 8/8
  5829 | D:6      | Found a staircase to the Ecumenical Temple.
  5877 | D:5      | Reached skill level 10 in Fighting
  6091 | Temple   | Entered the Ecumenical Temple
  6166 | Temple   | Became a worshipper of Warmaster Okawaru
  6847 | D:7      | Reached skill level 5 in Maces & Flails
  6933 | D:7      | HP: 2/57 [killer bee (6)]
  6934 | D:7      | Reached * piety under Okawaru
  6939 | D:7      | HP: 1/57 [killer bee (2)]
  6940 | D:7      | Slain by a killer bee

Illustrated notes

Levels and vault maps discovered:
D:1:      dpeg_arrival_orchard, layout_loops_ring
D:2:      layout_basic, first_ration, uniq_crazy_yiuf_cottage, uniq_sigmund
D:3:      layout_basic, kennysheep_pointless_box
D:4:      layout_loops_corners, serial_shops, shop_coins, uniq_robin
D:5:      layout_basic, ashenzari_conservatory_becter,
          gammafunk_ghost_necromancy, uniq_duvessa
D:6:      layout_cave_pools, minmay_temple_entry_offerings
D:7:      layout_layer_cave
Temple:   regret_index_temple_sigil_plot

Skill      XL: |  1  2  3  4  5  6  7  8 |
---------------+-------------------------+-----
Fighting       | 4 5 6 7 9 10 | 10.2
Stealth        | 1 |  1.6
Maces & Flails | 6 |  6.0
Armour         | |  3.5
Dodging        | |  0.2
Shields        | |  3.8

Action                   |  1- 3 |  4- 6 |  7- 9 || total
-------------------------+-------+-------+-------++-------
Melee: Flail             |   155 |   299 |    49 ||   503
       Whip              |       |       |   145 ||   145
  Use: Scroll            |       |     1 |     5 ||     6
       Potion            |       |       |     2 ||     2
  Eat: Chunk             |     2 |     5 |       ||     7
       Ration            |       |     2 |     2 ||     4
Armor: Scale mail        |   103 |   168 |    68 ||   339
       Chain mail        |       |       |    99 ||    99
Dodge: Dodged            |    61 |    88 |    73 ||   222
Block: Kite shield       |    85 |   170 |   120 ||   375
